 Dungeon Crawl Stone Soup version 0.31.0-32-g396128a36d (webtiles) character file.

Game seed: 3110924337501488824

108 PhantomBowie the Covered (level 4, -5/29 HPs)
             Began as a Gargoyle Fighter on Apr 24, 2024.
             Slain by an ice beast (14 damage)
             ... on level 3 of the Dungeon on Apr 25, 2024.
             The game lasted 00:03:37 (1603 turns).

PhantomBowie the Covered (Gargoyle Fighter)         Turns: 1603, Time: 00:03:37

Health: -5/29      AC: 17    Str: 22    XL:     4   Next: 87%
Magic:  4/4        EV:  6    Int:  8    God:
Gold:   141        SH:  4    Dex:  9    Spells: 3/3 levels left

rFire   . . .        a - +0 flail
rCold   . . .        c - +0 buckler
rNeg    + . .        l - +0 plate armour
rPois   ∞            m - +0 helmet
rElec   +            (no cloak)
rCorr   .            j - +0 pair of gloves
SInv    .            (no boots)
Will    .....        (no amulet) Stlth
                     (no ring)
HPRegen 0.24/turn    (no ring)
MPRegen 0.09/turn

%: no passive effects
@: no status effects
A: sickness immunity, AC +3, negative energy resistance 1, electricity
resistance, torment resistance 1, petrification resistance
a: no special abilities


You were on level 3 of the Dungeon.
You visited 1 branch of the dungeon, and saw 3 of its levels.

You collected 141 gold pieces.

Inventory:

Hand Weapons
 a - a +0 flail (weapon)
Armour
 c - a +0 buckler (worn)
 j - a +0 pair of gloves (worn)
 l - a +0 plate armour (worn)
 m - a +0 helmet (worn)
Scrolls
 e - a scroll of identify {unknown}
 g - a scroll of poison {unknown}
 h - a scroll of enchant weapon {unknown}
 k - a scroll of teleportation {unknown}
Potions
 d - a potion of might
 f - 2 potions of curing {unknown}
 i - a potion of attraction {unknown}


   Skills:
 + Level 4.1 Fighting
 + Level 2.9 Maces & Flails
 + Level 4.1 Armour
 + Level 4.1 Shields


You had 3 spell levels left.
You didn't know any spells.
Your spell library contained the following spells:

 Spells                   Type           Power      Damage    Failure   Level
 Dazzling Flash           Conj/Hex       0%         N/A       100%        3
 Volatile Blastmotes      Fire/Tloc      0%         2d10      100%        3
 Starburst                Conj/Fire      0%         6d3       100%        6
 Maxwell's Capacitive Co  Air            0%         ∞         100%        8


Dungeon Overview and Level Annotations

Branches:
Dungeon (3/15)

Altars:
Kikubaaqudgha


Innate Abilities, Weirdness & Mutations

You are immune to sickness and miasma.
Your stone body is resilient. (AC +3)
You are immune to poison.
You resist negative energy. (rN+)
You are resistant to electric shocks. (rElec)
You are resistant to unholy torment.
You are immune to petrification.


Message History

The web tears apart.
You block the ribbon worm's attack.
You hit the ribbon worm but do no damage.
The ribbon worm is severely wounded.
The ribbon worm bites you but does no damage.
You thump the ribbon worm!
You kill the ribbon worm!
You see here a ribbon worm corpse.
You see here a ribbon worm corpse.
You see here a ribbon worm corpse.
You see here a +0 pair of gloves.
You see here a quokka skeleton.
Done exploring.
There is a stone staircase leading down here.
You climb downwards.
Found a scroll labelled XUTZADWOUJ and 5 gold pieces.
There is a stone staircase leading up here.
An ice beast comes into view.
The ice beast moves out of view.
You see here 5 gold pieces.
You now have 141 gold pieces (gained 5).
You barely miss the ice beast. You block the ice beast's attack.
You barely miss the ice beast. The ice beast hits you.
The ice beast freezes you!
You sock the ice beast!
The ice beast is heavily wounded.
The ice beast hits you. The ice beast freezes you.
You closely miss the ice beast.
The ice beast is heavily wounded.
You block the ice beast's attack.
The ice beast hits you but does no damage.
You barely miss the ice beast.
The ice beast is heavily wounded.
You block the ice beast's attack.
You barely miss the ice beast.
The ice beast is heavily wounded.
You block the ice beast's attack.
You hit the ice beast.
The ice beast is heavily wounded.
The ice beast hits you. The ice beast freezes you!
You die...

## #.# #..#.#
..#.# .... #. #
#.#########
#..#.##..........
#........<.......
.#.?Y@.......#.
#...........#
#.######..### #
..... #####


You could see an ice beast.

Vanquished Creatures
  5 adders (D:2)
  2 dart slugs (D:1)
  3 ribbon worms (D:2)
  4 ball pythons (D:1)
  5 endoplasms
  A giant cockroach (D:1)
  6 goblins
  4 hobgoblins
  2 jackals (D:2)
  5 quokkas
  5 bats
  2 frilled lizards (D:1)
  4 kobolds
48 creatures vanquished.

Notes
Turn   | Place    | Note
-------+----------+-------------------------------------------
     0 | D:1      | PhantomBowie the Gargoyle Fighter began the quest for the
                  | Orb.
     0 | D:1      | Reached XP level 1. HP: 14/14 MP: 1/1
   150 | D:1      | Reached XP level 2. HP: 19/19 MP: 2/2
   612 | D:1      | Reached XP level 3. HP: 24/24 MP: 3/3
  1100 | D:2      | Reached XP level 4. HP: 24/29 MP: 4/4
  1520 | D:2      | Found an ancient bone altar of Kikubaaqudgha.
  1592 | D:3      | Noticed an ice beast
  1603 | D:3      | Slain by an ice beast

Illustrated notes

Levels and vault maps discovered:
D:1:      reono_arrival_mine, layout_basic
D:2:      layout_rooms, basic_altar
D:3:      layout_basic, nicolae_hepliaklqana_hippocampus

Skill      XL: |  1  2  3  4 |
---------------+-------------+-----
Fighting       | 4 |  4.1
Armour         | 4 |  4.1
Shields        | 4 |  4.1
Maces & Flails | |  2.9

Action                     |  1- 3 |  4- 6 || total
---------------------------+-------+-------++-------
  Melee: Flail             |   118 |    80 ||   198
 Armour: Scale mail        |    92 |    35 ||   127
         Plate armour      |       |    22 ||    22
  Dodge: Dodged            |    68 |    24 ||    92
  Block: Buckler           |    29 |    16 ||    45
